 Dungeon Crawl Stone Soup version 0.25-a0-294-gea9b1ad378 (webtiles) character file.

Game seed: 1248807022524017794, levelgen mode: classic

38 Borgoz the Slasher (level 3, -1/22 HPs)
             Began as a Gargoyle Gladiator on Dec 18, 2019.
             Slain by a gnoll
             ... wielding a +0 spear
              (2 damage)
             ... on level 2 of the Dungeon.
             The game lasted 00:01:04 (1178 turns).

Borgoz the Slasher (Gargoyle Gladiator)             Turns: 1178, Time: 00:01:05

Health: -1/22      AC:  7    Str: 17    XL:     3   Next: 43%
Magic:  3/3        EV: 12    Int:  8    God:
Gold:   81         SH:  0    Dex: 12    Spells: 2/2 levels left

rFire    . . .     SeeInvis .   a - +0 long sword
rCold    . . .     Gourm    .   (no shield)
rNeg     + . .     Faith    .   b - +0 leather armour
rPois    ∞         Spirit   .   c - +0 helmet
rElec    +         Reflect  .   (no cloak)
rCorr    .         Harm     .   (no gloves)
MR       .....                  (no boots)
Stlth    +.........             (no amulet)
HPRegen  0.07/turn              (no ring)
MPRegen  0.08/turn              (no ring)

@: no status effects
A: negative energy resistance 1, electricity resistance, unbreathing,
petrification resistance, rot immunity, AC +3
a: no special abilities


You were on level 2 of the Dungeon.
You were not hungry.

You visited 1 branch of the dungeon, and saw 2 of its levels.

You collected 81 gold pieces.

Inventory:

Hand Weapons
 a - a +0 long sword (weapon)
Armour
 b - a +0 leather armour (worn)
 c - a +0 helmet (worn)
Jewellery
 o - an uncursed amulet of guardian spirit {unknown}
Scrolls
 e - 2 scrolls of remove curse {unknown}
 k - a scroll of amnesia {unknown}
 m - 2 scrolls of identify {unknown}
 p - a scroll of teleportation {unknown}
Potions
 g - a potion of heal wounds {unknown}
 h - a potion of magic {unknown}
 l - a potion of agility {unknown}
 n - a potion of cancellation
Comestibles
 f - 3 rations


   Skills:
 + Level 2.6 Fighting
 * Level 3.2 Long Blades
 - Level 1.7 Throwing
 + Level 1.2 Armour
 + Level 2.7 Dodging


You had 2 spell levels left.
You didn't know any spells.
Your spell library was empty.

Dungeon Overview and Level Annotations

Branches:
Dungeon (2/15)

Altars:
Gozag


Innate Abilities, Weirdness & Mutations

You are resistant to torment.
Your stone body is resilient. (AC +3)
You are immune to poison.
You resist negative energy. (rN+)
You are resistant to electric shocks. (rElec)
You can survive without breathing.
You are immune to petrification.
You are immune to rotting.


Message History

Throwing (i - inventory)
d - 2 throwing nets (quivered)
Press: ? - help, Shift-Dir - straight line, f - gnoll
Aim: a gnoll, wielding a -2 spear (moderately wounded)
You throw a throwing net.
The throwing net barely misses the gnoll.
The gnoll barely misses you.
You riposte.
You hit the gnoll.
The gnoll is moderately wounded.
The gnoll hits you with a +0 spear.
Throwing (i - inventory)
d - a throwing net (quivered)
Press: ? - help, Shift-Dir - straight line, f/p - gnoll
Aim: a gnoll, wielding a -2 spear (moderately wounded)
You throw a throwing net. The throwing net hits the gnoll.
The gnoll is caught in the net!
The gnoll is moderately wounded.
The gnoll struggles against the net.
The gnoll hits you with a +0 spear.
* * * LOW HITPOINT WARNING * * *
You hit the gnoll.
The gnoll is heavily wounded.
The gnoll struggles against the net.
The gnoll hits you with a +0 spear.
You die...

#........## #...P......P..#
#.........#######.#..........##
#.................#...P..P...##
########..#.########...........
###.....####(....g.....##
#####............###########? #
#....................... #. ###
#.##......>.)g.......... #.
..###.##........@g####$...## .
.♣.##.##..........# ##### .#
♣♣♣....#..........# ##
.♣..♣.......÷.....#
...♣♣♣....÷......##
.♣..♣..........###
♣♣♣......#######
.♣..♣.#.........
...♣♣♣#.#######.


You could see 2 gnolls.

Vanquished Creatures
  A gnoll (D:2)
  A worm (D:2)
  A dart slug (D:1)
  A giant cockroach (D:1)
  4 goblins (D:1)
  2 hobgoblins (D:2)
  3 jackals (D:2)
  4 bats
  4 kobolds
  A rat (D:2)
22 creatures vanquished.

Notes
Turn   | Place    | Note
-------+----------+-------------------------------------------
     0 | D:1      | Borgoz the Gargoyle Gladiator began the quest for the Orb.
     0 | D:1      | Reached XP level 1. HP: 12/12 MP: 1/1
   341 | D:1      | Reached XP level 2. HP: 15/18 MP: 2/2
   562 | D:1      | Reached skill level 3 in Long Blades
   827 | D:2      | Reached skill level 1 in Armour
   830 | D:2      | Found an opulent altar of Gozag.
   842 | D:2      | Reached XP level 3. HP: 2/22 MP: 3/3
  1177 | D:2      | HP: 1/22 [gnoll/+0 spear (6)]
  1178 | D:2      | Slain by a gnoll

Levels and vault maps discovered:
D:1:      dpeg_arrival_chase, layout_rooms, minmay_tromino_v2
D:2:      minmay_skewed_foursquare, layout_rooms, nicolae_gozag_seed_capital,
          minmay_misc_feat_plants, kennysheep_cross_bottleneck,
          kennysheep_doodads, minmay_diced_spiral

Skill      XL: |  1  2 |
---------------+-------+-----
Long Blades    | 3 |  3.2
Armour         | 1 |  1.2
Fighting       | |  2.6
Throwing       | |  1.7
Dodging        | |  2.7

Action                   || total
-------------------------++-------
Melee: Long sword        ||    58
Throw: Throwing net      ||     3
  Use: Potion            ||     3
  Eat: Chunk             ||     1
Armor: Leather armour    ||    28
Dodge: Dodged            ||    51
       Rpst.: Long sword ||    20

Table legend:
 A = Non-vault XP
 B = Vault XP
 C = Vault XP percentage of total XP
 D = Non-vault monster count
 E = Vault monster count
 F = Vault count percentage of total count
                 A         B        C        D         E       F
            +---------+---------+-------+---------+---------+-------
      Total |      51 |       4 |   7.3 |      21 |       1 |   4.5
            +---------+---------+-------+---------+---------+-------
        D:1 |      16 |       4 |  20.0 |       9 |       1 |  10.0
        D:2 |      35 |       0 |   0.0 |      12 |       0 |   0.0
            +---------+---------+-------+---------+---------+-------
